 Dungeon Crawl Stone Soup version 0.19.3-4-gbf9329e (webtiles) character file.

80 volk64 the Shield-Bearer (level 4, -9/40 HPs)
             Began as a Hill Orc Fighter on Jan 27, 2017.
             Mangled by Sigmund
             ... wielding a +1 scythe of protection
              (10 damage)
             ... on level 3 of the Dungeon.
             The game lasted 00:04:04 (1917 turns).

volk64 the Shield-Bearer (Hill Orc Fighter)         Turns: 1917, Time: 00:04:05

Health: -9/40      AC: 11    Str: 19    XL:     4   Next: 39%
Magic:  4/4        EV:  3    Int:  8    God:
Gold:   75         SH:  9    Dex: 10    Spells: 0 memorised, 3 levels left

rFire  . . .     SeeInvis .     a - +0 long sword
rCold  . . .     Gourm    .     t - +0 plate armour
rNeg   . . .     Faith    .     c - +0 shield
rPois  .         Spirit   .     (no helmet)
rElec  .         Reflect  .     (no cloak)
rCorr  .         Harm     .     (no gloves)
MR     .....                    (no boots)
Stlth  ..........               (no amulet)
                                (no ring)
                                (no ring)

@: no status effects
A: no striking features
a: no special abilities


You were on level 3 of the Dungeon.
You were not hungry.

You visited 1 branch of the dungeon, and saw 3 of its levels.

You collected 75 gold pieces.

Inventory:

Hand Weapons
 a - a +0 long sword (weapon)
Armour
 b - a +0 scale mail
 c - a +0 shield (worn)
 t - a +0 plate armour (worn)
Jewellery
 j - an uncursed amulet of regeneration {unknown}
Scrolls
 e - 2 scrolls of teleportation
 g - 2 scrolls of identify {unknown}
 h - a scroll of fear {unknown}
 l - a scroll of enchant armour {unknown}
 m - a scroll of immolation {unknown}
 n - 2 scrolls of remove curse {unknown}
 p - a scroll of amnesia {unknown}
 q - a scroll of random uselessness {unknown}
Potions
 d - 2 potions of might
Comestibles
 f - 3 bread rations
 i - a beef jerky
 k - 3 fruits
 r - a slice of pizza
 s - a chunk of flesh


   Skills:
 + Level 4.0 Fighting
 + Level 3.2 Long Blades
 + Level 3.8 Armour
 + Level 0.2 Dodging
 + Level 0.1 Stealth
 + Level 4.1 Shields


You had 3 spell levels left.
You didn't know any spells.

Dungeon Overview and Level Annotations

Branches:
Dungeon (3/15)

Altars:
Cheibriados
Kikubaaqudgha
Sif Muna
The Shining One

Annotations:
D:3 Sigmund


Message History

You feel better. Something hits you but does no damage.
Ijyb hits you but does no damage.
Your shield and plate armour prevent you from hitting Ijyb.
Ijyb is almost dead.
You block Ijyb's attack. Something hits you.
* * * LOW HITPOINT WARNING * * *
You hit Ijyb.
You kill Ijyb!
Your Fighting skill increases to level 4!
You have reached level 4!
Something hits you but does no damage.
Things that are here:
a club; a scale mail; the goblin corpse of Ijyb Your plate armour prevents you from hitting something.
Something hits you.
* * * LOW HITPOINT WARNING * * *
You miss something. Something hits you.
* * * LOW HITPOINT WARNING * * *
You closely miss something. Something hits you!
You die...

#.......##. #..........
#.......... ##........).
#........... #.#
#........... #.#
#....{..# #.# #...@...##
#.#####.††.....#
###........####..###
#..........##.......
#####.............#..###
...............##.#..#
#####................# #
#.........###.####
##........##...#


There were no monsters in sight!

Vanquished Creatures
  Ijyb (D:3)
  2 adders (D:2)
  A worm (D:2)
  A dart slug (D:2)
  4 bats
  A bat zombie (D:2)
  2 giant cockroaches
  5 goblins
  2 hobgoblins
  A frilled lizard (D:1)
  6 kobolds
  7 rats
33 creatures vanquished.

Notes
Turn   | Place    | Note
-------+----------+-------------------------------------------
     0 | D:1      | volk64 the Hill Orc Fighter began the quest for the Orb.
     0 | D:1      | Reached XP level 1. HP: 19/19 MP: 1/1
   189 | D:1      | Reached XP level 2. HP: 27/27 MP: 2/2
   823 | D:2      | Found a snail-covered altar of Cheibriados.
  1066 | D:2      | Reached XP level 3. HP: 30/33 MP: 3/3
  1127 | D:2      | Found a glowing golden altar of the Shining One.
  1567 | D:2      | Found a deep blue altar of Sif Muna.
  1637 | D:2      | Found an ancient bone altar of Kikubaaqudgha.
  1892 | D:3      | Noticed Ijyb
  1896 | D:3      | Noticed Sigmund
  1913 | D:3      | Killed Ijyb
  1913 | D:3      | Reached XP level 4. HP: 4/40 MP: 4/4
  1916 | D:3      | HP: 1/40 [something (2)]
  1917 | D:3      | Mangled by Sigmund

Skill      XL: |  1  2  3 |
---------------+----------+-----
Long Blades    | 3 |  3.2
Shields        | 4 |  4.1
Fighting       | 4 |  4.0
Armour         | |  3.8
Dodging        | |  0.2
Stealth        | |  0.1

Action                   |  1- 3 |  4- 6 || total
-------------------------+-------+-------++-------
Melee: Long sword        |   123 |     3 ||   126
  Use: Scroll            |     1 |       ||     1
       Potion            |     3 |       ||     3
  Eat: Chunk             |     3 |       ||     3
Armor: Scale mail        |    51 |       ||    51
       Plate armour      |    18 |     1 ||    19
Dodge: Dodged            |    33 |       ||    33
Block: Shield            |    68 |       ||    68
       Rpst.: Long sword |    11 |       ||    11
